TOP OF THE 1ST |
Akron RubberDucks batting - Pitching for New Hampshire Fisher Cats : RHP Danny Walker
|
Pitching: RHP Danny Walker
|
|
Batting: RHB Danny Anderson
|
0-0: Foul Ball, location: 2F 0-1: Called Strike 0-2: Strikes out swinging
|
Batting: RHB Danny Eberhart
|
0-0: Ball 1-0: Ball 2-0: Called Strike 2-1: Ball 3-1: Called Strike 3-2: Strikes out looking
|
Batting: RHB Kaoru Toda
|
0-0: Ball 1-0: Swinging Strike 1-1: Swinging Strike 1-2: Ball 2-2: Foul Ball, location: 2F 2-2: Strikes out swinging
|
Top of the 1st over - 0 runs, 0 hits, 0 errors, 0 left on base; Akron 0 - New Hampshire 0 |
BOTTOM OF THE 1ST |
New Hampshire Fisher Cats batting - Pitching for Akron RubberDucks : RHP Jon Glenn
|
Pitching: RHP Jon Glenn
|
|
Batting: RHB Frank Caulfield
|
0-0: SINGLE (Groundball, 34D, EV 110.0 MPH)
|
Batting: SHB Dominik Hasek II
|
0-0: Ball Frank Caulfield steals 2nd, throwing error, E2 Frank Caulfield to third 1-0: Ground out 6-3 (Groundball, 6, EV 108.8 MPH) Frank Caulfield scores
|
Batting: RHB Butch Koglin
|
0-0: Called Strike 0-1: Ball 1-1: Fly out, F8 (Flyball, 8LD, EV 99.4 MPH)
|
Batting: RHB Selam Chimsima
|
0-0: Ball 1-0: Ball 2-0: Called Strike 2-1: Ball 3-1: Base on Balls
|
Batting: RHB Bill Murray
|
0-0: Foul Ball, location: 2F 0-1: Swinging Strike 0-2: Ball 1-2: Ball 2-2: Ball 3-2: Ground out 5-3 (Groundball, 5, EV 103.8 MPH)
|
Bottom of the 1st over - 1 run, 1 hit, 1 error, 1 left on base; Akron 0 - New Hampshire 1 |
TOP OF THE 2ND |
Akron RubberDucks batting - Pitching for New Hampshire Fisher Cats : RHP Danny Walker
|
Batting: RHB Justin Lauderdale
|
0-0: Ball 1-0: Fly out, F3 (Popup, 3L, EV 57.5 MPH)
|
Batting: RHB Luis Restrepo
|
0-0: Ball 1-0: Fly out, F3 (Popup, 3F, EV 64.4 MPH)
|
Batting: RHB Josh Sinden
|
0-0: Ground out 6-3 (Groundball, 6, EV 83.8 MPH)
|
Top of the 2nd over - 0 runs, 0 hits, 0 errors, 0 left on base; Akron 0 - New Hampshire 1 |
BOTTOM OF THE 2ND |
New Hampshire Fisher Cats batting - Pitching for Akron RubberDucks : RHP Jon Glenn
|
Batting: LHB Eddie Muniz
|
0-0: DOUBLE (Flyball, 78D, EV 96.9 MPH)
|
Batting: RHB Bryan Peterson
|
0-0: Swinging Strike 0-1: Ball 1-1: Ball 2-1: Ground out 4-3 (Groundball, 34, EV 105.6 MPH) Eddie Muniz to third
|
Batting: RHB Kirk Seiffert
|
0-0: Swinging Strike 0-1: Swinging Strike 0-2: Foul Ball, location: 2F 0-2: Fly out, F8 (Flyball, 8LD, EV 101.9 MPH)
|
Batting: RHB Bryan Mattis
|
0-0: DOUBLE (Line Drive, 89XD, EV 106.9 MPH) Eddie Muniz scores
|
Batting: RHB Frank Caulfield
|
0-0: Called Strike 0-1: Called Strike 0-2: Hit by Pitch
|
Batting: SHB Dominik Hasek II
|
0-0: Ball 1-0: Ball 2-0: Ball 3-0: Called Strike 3-1: Fly out, F8 (Flyball, 8RS, EV 71.9 MPH)
|
Bottom of the 2nd over - 1 run, 2 hits, 0 errors, 2 left on base; Akron 0 - New Hampshire 2 |
TOP OF THE 3RD |
Akron RubberDucks batting - Pitching for New Hampshire Fisher Cats : RHP Danny Walker
|
Batting: RHB Kevin Wiles
|
0-0: Ball 1-0: Ball 2-0: Foul Ball, location: 2F 2-1: SINGLE (Groundball, 6MD, EV 105.0 MPH)
|
Batting: LHB Tony Ponce
|
0-0: Ball 1-0: Called Strike 1-1: Ball 2-1: Fielders Choice at 2nd, 3-6 (Groundball, 3, EV 91.9 MPH)
|
Batting: SHB Marvin Garcia
|
0-0: Called Strike 0-1: Ball 1-1: Swinging Strike 1-2: Strikes out swinging
|
Batting: RHB Danny Anderson
|
0-0: Reached on error, E5 (Groundball, 56S, EV 68.8 MPH) Tony Ponce to third
|
Batting: RHB Danny Eberhart
|
0-0: Ball 1-0: Ball 2-0: Ball 3-0: Called Strike 3-1: Base on Balls
|
Batting: RHB Kaoru Toda
|
0-0: Ball 1-0: Ball 2-0: Ball 3-0: Called Strike 3-1: Ground out U3 (Groundball, 34, EV 105.0 MPH)
|
Top of the 3rd over - 0 runs, 1 hit, 1 error, 3 left on base; Akron 0 - New Hampshire 2 |
BOTTOM OF THE 3RD |
New Hampshire Fisher Cats batting - Pitching for Akron RubberDucks : RHP Jon Glenn
|
Batting: RHB Butch Koglin
|
0-0: Ball 1-0: Foul Ball, location: 2F 1-1: Ball 2-1: Called Strike 2-2: Strikes out looking
|
Batting: RHB Selam Chimsima
|
0-0: Foul Ball, location: 5F, Error on foul ball, E5 0-1: Ball 1-1: Foul Ball, location: 2F 1-2: Ball 2-2: Strikes out swinging
|
Batting: RHB Bill Murray
|
0-0: Ball 1-0: Foul Ball, location: 2F 1-1: SINGLE (Line Drive, 8LS, EV 100.0 MPH)
|
Batting: LHB Eddie Muniz
|
0-0: Called Strike Bill Murray is caught stealing 2nd base 2-6
|
Bottom of the 3rd over - 0 runs, 1 hit, 1 error, 0 left on base; Akron 0 - New Hampshire 2 |
TOP OF THE 4TH |
Akron RubberDucks batting - Pitching for New Hampshire Fisher Cats : RHP Danny Walker
|
Batting: RHB Justin Lauderdale
|
0-0: Foul Ball, location: 2F 0-1: Ball 1-1: Ball 2-1: Foul Ball, location: 2F 2-2: Ground out 5-3 (Groundball, 56D, EV 88.1 MPH)
|
Batting: RHB Luis Restrepo
|
0-0: Ball 1-0: Called Strike 1-1: Ball 2-1: Swinging Strike 2-2: Foul Ball, location: 2F 2-2: Strikes out swinging
|
Batting: RHB Josh Sinden
|
0-0: Ball 1-0: Ground out U3 (Groundball, 3, EV 83.1 MPH)
|
Top of the 4th over - 0 runs, 0 hits, 0 errors, 0 left on base; Akron 0 - New Hampshire 2 |
BOTTOM OF THE 4TH |
New Hampshire Fisher Cats batting - Pitching for Akron RubberDucks : RHP Jon Glenn
|
Batting: LHB Eddie Muniz
|
0-0: SINGLE (Groundball, 34D, EV 101.2 MPH)
|
Batting: RHB Bryan Peterson
|
0-0: Ball 1-0: Called Strike 1-1: Foul Ball, location: 2F 1-2: DOUBLE (Flyball, 78D, EV 91.9 MPH) Eddie Muniz to third
|
Batting: RHB Kirk Seiffert
|
0-0: Ground out U3 (Groundball, 23, EV 91.2 MPH)
|
Batting: RHB Bryan Mattis
|
0-0: Fly out, F8 (Flyball, 89S, EV 83.1 MPH)
|
Batting: RHB Frank Caulfield
|
0-0: Called Strike 0-1: Ball 1-1: Called Strike 1-2: Foul Ball, location: 2F 1-2: Ball 2-2: Ball 3-2: SINGLE (Groundball, 15S, EV 64.4 MPH) (infield hit) Eddie Muniz scores Bryan Peterson to third
|
Batting: SHB Dominik Hasek II
|
0-0: Swinging Strike 0-1: Foul Ball, location: 2F 0-2: Foul Ball, location: 2F 0-2: TRIPLE (Flyball, 78XD, EV 95.6 MPH) Bryan Peterson scores Frank Caulfield scores
|
Batting: RHB Butch Koglin
|
0-0: Ground out 5-3 (Groundball, 56, EV 101.9 MPH)
|
Bottom of the 4th over - 3 runs, 4 hits, 0 errors, 1 left on base; Akron 0 - New Hampshire 5 |
TOP OF THE 5TH |
Akron RubberDucks batting - Pitching for New Hampshire Fisher Cats : RHP Danny Walker
|
Batting: RHB Kevin Wiles
|
0-0: Called Strike 0-1: Foul Ball, location: 2F 0-2: Ball 1-2: Ball 2-2: Ball 3-2: Strikes out swinging
|
Batting: LHB Tony Ponce
|
0-0: Ball 1-0: Called Strike 1-1: Called Strike 1-2: Ball 2-2: Foul Ball, location: 2F 2-2: SINGLE (Groundball, 6MD, EV 96.2 MPH)
|
Batting: SHB Marvin Garcia
|
0-0: Foul Ball, location: 2F 0-1: Ball 1-1: Foul Ball, location: 2F 1-2: Strikes out swinging
|
Batting: RHB Danny Anderson
|
0-0: Called Strike 0-1: Called Strike 0-2: SINGLE (Line Drive, 8RS, EV 109.4 MPH) Tony Ponce to second
|
Batting: RHB Danny Eberhart
|
0-0: Ground out 6-3 (Groundball, 6S, EV 86.2 MPH)
|
Top of the 5th over - 0 runs, 2 hits, 0 errors, 2 left on base; Akron 0 - New Hampshire 5 |
BOTTOM OF THE 5TH |
New Hampshire Fisher Cats batting - Pitching for Akron RubberDucks : RHP Jon Glenn
|
Batting: RHB Selam Chimsima
|
0-0: Called Strike 0-1: SINGLE (Line Drive, 34, EV 95.0 MPH)
|
Batting: RHB Bill Murray
|
0-0: Foul Ball, location: 2F 0-1: Foul Ball, location: 2F 0-2: Ball 1-2: Strikes out swinging
|
Batting: LHB Eddie Muniz
|
0-0: Ball 1-0: Foul Ball, location: 2F 1-1: Fly out, F3 (Popup, 3SF, EV 80.0 MPH)
|
Batting: RHB Bryan Peterson
|
0-0: Called Strike 0-1: Foul Ball, location: 2F 0-2: Ball 1-2: Ball 2-2: Strikes out swinging
|
Bottom of the 5th over - 0 runs, 1 hit, 0 errors, 1 left on base; Akron 0 - New Hampshire 5 |
TOP OF THE 6TH |
Akron RubberDucks batting - Pitching for New Hampshire Fisher Cats : RHP Danny Walker
|
Batting: RHB Kaoru Toda
|
0-0: Swinging Strike 0-1: Ground out 6-3 (Groundball, 6M, EV 85.0 MPH)
|
Batting: RHB Justin Lauderdale
|
0-0: Ball 1-0: Ball 2-0: Called Strike 2-1: Swinging Strike 2-2: Strikes out swinging
|
Batting: RHB Luis Restrepo
|
0-0: Ball 1-0: Ball 2-0: Foul Ball, location: 2F 2-1: Called Strike 2-2: Ball 3-2: Foul Ball, location: 2F 3-2: Foul Ball, location: 2F 3-2: Ground out 3-1 (Groundball, 34S, EV 86.2 MPH)
|
Top of the 6th over - 0 runs, 0 hits, 0 errors, 0 left on base; Akron 0 - New Hampshire 5 |
BOTTOM OF THE 6TH |
New Hampshire Fisher Cats batting - Pitching for Akron RubberDucks : RHP Jon Glenn
|
Batting: RHB Kirk Seiffert
|
0-0: SINGLE (Groundball, 4MD, EV 95.6 MPH)
|
Batting: RHB Bryan Mattis
|
0-0: Called Strike Kirk Seiffert is caught stealing 2nd base 2-4 0-1: Swinging Strike 0-2: Ball 1-2: Strikes out swinging
|
Batting: RHB Frank Caulfield
|
0-0: Ground out 5-3 (Groundball, 5, EV 80.6 MPH)
|
Bottom of the 6th over - 0 runs, 1 hit, 0 errors, 0 left on base; Akron 0 - New Hampshire 5 |
TOP OF THE 7TH |
Akron RubberDucks batting - Pitching for New Hampshire Fisher Cats : RHP Danny Walker
|
Batting: RHB Josh Sinden
|
0-0: Ball 1-0: Called Strike 1-1: Swinging Strike 1-2: Strikes out swinging
|
Batting: RHB Kevin Wiles
|
0-0: Ball 1-0: Called Strike 1-1: Ball 2-1: Called Strike 2-2: SINGLE (Groundball, 5D, EV 102.5 MPH)
|
Batting: LHB Tony Ponce
|
0-0: Ball 1-0: Foul Ball, location: 2F 1-1: Swinging Strike 1-2: Strikes out swinging
|
Batting: SHB Marvin Garcia
|
0-0: Foul Ball, location: 2F 0-1: Foul Ball, location: 2F Pickoff Throw to First - Out! 1-3 CS
|
Top of the 7th over - 0 runs, 1 hit, 0 errors, 0 left on base; Akron 0 - New Hampshire 5 |
BOTTOM OF THE 7TH |
New Hampshire Fisher Cats batting - Pitching for Akron RubberDucks : RHP Jon Glenn
|
Batting: SHB Dominik Hasek II
|
0-0: Ball 1-0: Foul Ball, location: 2F 1-1: Swinging Strike 1-2: SINGLE (Flyball, 8RS, EV 93.8 MPH)
|
Batting: RHB Butch Koglin
|
0-0: Called Strike Dominik Hasek II steals 2nd base 0-1: Foul Ball, location: 2F 0-2: Ball 1-2: Ball 2-2: Ball 3-2: Ground out 5-3 (Groundball, 56S, EV 85.0 MPH)
|
Batting: RHB Selam Chimsima
|
0-0: Ball 1-0: Ball 2-0: SINGLE (Groundball, 6MD, EV 95.6 MPH) Dominik Hasek II to third Runner from 3rd tries for Home, SAFE, throw by CF to home
|
Batting: RHB Bill Murray
|
0-0: Ball 1-0: Swinging Strike 1-1: Ball 2-1: Ball Passed Ball! Selam Chimsima to second 3-1: Swinging Strike 3-2: Foul Ball, location: 2F 3-2: SINGLE (Groundball, 56S, EV 63.8 MPH) (infield hit) Selam Chimsima to third
|
Pitching: RHP Victor Barron
|
|
Batting: LHB Eddie Muniz
|
0-0: Ball 1-0: Called Strike Bill Murray steals 2nd base 1-1: Fly out, F9 (Flyball, 89S, EV 88.8 MPH)
|
Batting: RHB Bryan Peterson
|
0-0: Ball 1-0: Ball 2-0: Swinging Strike 2-1: Reached on error, E6 (Groundball, 6S, EV 83.8 MPH) Selam Chimsima scores Bill Murray scores
|
Batting: RHB Kirk Seiffert
|
0-0: Foul Ball, location: 2F 0-1: Fly out, F9 (Flyball, 9, EV 91.9 MPH)
|
Bottom of the 7th over - 3 runs, 3 hits, 1 error, 1 left on base; Akron 0 - New Hampshire 8 |
TOP OF THE 8TH |
Akron RubberDucks batting - Pitching for New Hampshire Fisher Cats : RHP Danny Walker
|
Batting: SHB Marvin Garcia
|
0-0: Foul Ball, location: 2F 0-1: Fly out, F6 (Popup, 6, EV 76.2 MPH)
|
Batting: RHB Danny Anderson
|
0-0: Ground out 4-3 (Groundball, 4, EV 100.0 MPH)
|
Batting: RHB Danny Eberhart
|
0-0: Foul Ball, location: 2F 0-1: Foul Ball, location: 2F 0-2: Ball 1-2: Ball 2-2: Ball 3-2: Foul Ball, location: 2F 3-2: Foul Ball, location: 2F 3-2: SINGLE (Groundball, 6MD, EV 98.1 MPH)
|
Pitching: RHP Andres de Leon
|
|
Batting: RHB Kaoru Toda
|
0-0: Ball 1-0: Ball 2-0: Called Strike 2-1: Ground out 4-3 (Groundball, 4, EV 82.5 MPH)
|
Top of the 8th over - 0 runs, 1 hit, 0 errors, 1 left on base; Akron 0 - New Hampshire 8 |
BOTTOM OF THE 8TH |
New Hampshire Fisher Cats batting - Pitching for Akron RubberDucks : RHP Victor Barron
|
Batting: RHB Bryan Mattis
|
0-0: SINGLE (Groundball, 6D, EV 103.1 MPH)
|
Batting: RHB Frank Caulfield
|
0-0: Ball 1-0: Ball 2-0: Ball 3-0: Ground out 5-3 (Groundball, 56S, EV 76.2 MPH) Bryan Mattis to second
|
Batting: SHB Dominik Hasek II
|
0-0: Foul Ball, location: 2F 0-1: Called Strike 0-2: Ball 1-2: Foul Ball, location: 2F 1-2: Ground out U3 (Groundball, 3L, EV 79.4 MPH) Bryan Mattis to third
|
Batting: RHB Butch Koglin
|
0-0: Swinging Strike 0-1: Foul Ball, location: 2F 0-2: Ball 1-2: Foul Ball, location: 2F 1-2: Ball 2-2: Foul Ball, location: 2F 2-2: Foul Ball, location: 2F 2-2: Ball 3-2: SINGLE (Groundball, 56S, EV 62.5 MPH) (infield hit) Bryan Mattis scores
|
Batting: RHB Selam Chimsima
|
0-0: Called Strike 0-1: Fly out, F9 (Flyball, 9, EV 85.0 MPH)
|
Bottom of the 8th over - 1 run, 2 hits, 0 errors, 1 left on base; Akron 0 - New Hampshire 9 |
TOP OF THE 9TH |
Akron RubberDucks batting - Pitching for New Hampshire Fisher Cats : RHP Andres de Leon
|
Batting: RHB Justin Lauderdale
|
0-0: Ball 1-0: Foul Ball, location: 2F 1-1: Foul Ball, location: 2F 1-2: Ball 2-2: Strikes out looking
|
Batting: RHB Luis Restrepo
|
0-0: Ball 1-0: Swinging Strike 1-1: Ball 2-1: Foul Ball, location: 2F 2-2: Strikes out swinging
|
Batting: RHB Josh Sinden
|
0-0: Called Strike 0-1: Ball 1-1: Swinging Strike 1-2: Ball 2-2: Strikes out looking
|
Top of the 9th over - 0 runs, 0 hits, 0 errors, 0 left on base; Akron 0 - New Hampshire 9 |
|